Map: Prion Terraces

Players

Petraeus

  • Race: Zerg Zerg
  • League: Grandmaster

hydra - Winner!

  • Race: Zerg Zerg

Event: NationWars III

VOD

Have the link to the VOD?

Description

Time

  • Played on: Dec. 12, 2015, 2:16 p.m.
  • Length: 7:24

All games in this series

Show
View Real Time Build Order
Export as new Build Order

Petraeus Zerg 

Build Orders: Hatch First 

Get SALT Encoding   

  12  0:00  Drone  
  13  0:12  Overlord  
  13  0:17  Drone  
  14  0:31  Drone x2  
  14  0:34  Drone  
  17  0:51  Hatchery  
  17  0:54  Drone  
  17  0:57  Drone  
  18  1:04  Extractor  
  17  1:13  Spawning Pool  
  17  1:15  Drone  
  17  1:19  Drone  
  18  1:29  Drone  
  19  1:39  Overlord  
  19  1:50  Drone  
  20  2:00  Drone, Queen  
  23  2:03  Queen  
  23  2:05  Drone  
  23  2:06  Metabolic Boost  
  26  2:12  Drone  
  26  2:15  Zergling x2  
  28  2:22  Drone  
  29  2:27  Drone  
  30  2:33  Drone  
  30  2:36  Baneling Nest, Queen  
  32  2:40  Overlord  
  32  2:44  Drone  
  33  2:53  Zergling x2  
  33  2:57  Drone  
  35  2:59  Drone  
  35  3:05  Overlord  
  36  3:09  Drone  
  36  3:10  Drone x2  
  39  3:13  Drone x3  
  39  3:17  Evolution Chamber, Drone  
  42  3:23  Zergling x2  
  42  3:28  Baneling  
  42  3:32  Queen  
  44  3:34  Baneling  
  44  3:35  Zergling x4  
  44  3:37  Zergling x2  
  47  3:42  Zergling x2  
  47  3:47  Zergling x2  
  48  3:50  Zergling x6  
  48  3:58  Baneling  
  48  3:59  Hatchery, Zerg Ground Armor Level 1  
  48  4:01  Baneling  
  47  4:05  Overlord  
  47  4:09  Drone x3  
  50  4:12  Drone x2  
  50  4:16  Extractor  
  50  4:26  Roach Warren  
  50  4:30  Drone x2  
  50  4:31  Drone  
  51  4:33  Overlord  
  51  4:34  Zergling x4  
  53  4:42  Overlord  
  53  4:45  Overlord x2  
  51  4:57  Queen  
  51  5:00  Lair  
  51  5:01  Drone  
  53  5:07  Roach x2  
  53  5:09  Roach x2  
  53  5:10  Roach  
  53  5:12  Roach  
  53  5:13  Zergling x2  
  64  5:16  Roach  
  64  5:17  Zergling x4  
  64  5:20  Zergling x2  
  69  5:26  Zergling x4  
  71  5:31  Zergling x4  
  71  5:32  Zergling x2  
  71  5:33  Zergling x2  
  74  5:44  Drone x2  
  74  5:46  Drone  
  74  5:47  Drone  
  74  5:48  Drone x3  
  80  5:51  Extractor  
  80  5:56  Zergling x2  
  80  5:57  Zergling x4  
  81  6:05  Overlord x3  
  76  6:12  Hatchery  
  76  6:14  Roach x3  
  81  6:20  Overlord x3  
  81  6:26  Roach x3  
  81  6:28  Roach  
  81  6:30  Drone  
  90  6:35  Drone  
  90  6:37  Roach x2  
  95  6:41  Roach x3  
  101  6:49  Roach x2  
  99  6:54  Roach x2  
  99  6:55  Zergling x4  
  99  6:58  Roach  
  99  6:59  Zergling x6  
  104  7:04  Roach  
Show
View Real Time Build Order
Export as new Build Order

hydra Zerg - Winner!

Build Orders: Hatch First 

Get SALT Encoding   

  12  0:00  Drone  
  13  0:12  Overlord  
  13  0:17  Drone  
  14  0:30  Drone x2  
  14  0:34  Drone  
  17  0:51  Hatchery  
  17  0:54  Drone  
  17  0:56  Drone  
  18  1:06  Drone  
  18  1:08  Extractor  
  18  1:14  Spawning Pool  
  18  1:17  Drone  
  18  1:27  Drone  
  19  1:38  Overlord  
  19  1:54  Drone  
  19  2:01  Zergling x2, Queen  
  20  2:03  Queen  
  20  2:04  Drone  
  26  2:10  Drone  
  26  2:13  Metabolic Boost  
  26  2:14  Drone  
  28  2:23  Drone  
  28  2:26  Drone  
  30  2:31  Baneling Nest  
  30  2:33  Drone  
  30  2:36  Drone  
  31  2:39  Queen  
  33  2:47  Drone, Overlord  
  34  2:54  Drone  
  34  2:57  Drone  
  36  3:10  Drone x4  
  36  3:11  Zergling x4  
  36  3:12  Zergling x4  
  44  3:19  Baneling x2  
  44  3:20  Overlord  
  44  3:32  Hatchery  
  43  3:38  Queen  
  43  3:40  Drone  
  46  3:42  Drone  
  46  3:48  Drone  
  46  3:49  Zergling x8  
  46  3:50  Zergling x2  
  46  3:54  Drone  
  49  3:56  Zergling x2  
  49  3:57  Zergling x2  
  49  4:01  Overlord  
  51  4:05  Extractor  
  51  4:06  Drone  
  51  4:08  Roach Warren, Baneling x2  
  50  4:12  Drone x2  
  50  4:15  Baneling  
  50  4:16  Baneling  
  52  4:19  Queen  
  54  4:41  Overlord  
  54  4:48  Drone  
  54  4:55  Drone x2  
  54  4:58  Overlord  
  54  4:59  Drone  
  56  5:00  Drone x3  
  56  5:02  Drone  
  56  5:03  Extractor  
  56  5:04  Zergling x6  
  56  5:05  Zergling x6  
  64  5:10  Overlord  
  63  5:29  Roach x6  
  73  5:38  Roach x8  
  89  5:47  Overlord x3  
  86  6:07  Roach x12  
  108  6:15  Roach x2  
  108  6:18  Overlord  
  112  6:24  Zergling x4  
  114  6:27  Baneling x4  
  114  6:36  Overlord  
  114  6:39  Ravager  
  115  6:40  Ravager x2, Zergling x2  
  115  6:41  Zergling x8  
  120  6:53  Zergling x6  
  120  6:54  Zergling x14  
Tags
 
Add a new tag
Caveats
  • Supply blocks, unpowered buildings, or Contaminate may cause inaccurate times.
  • Supply counts are checked every 10 seconds.